 Dungeon Crawl Stone Soup version 0.23-a0-563-g409694ba0a (webtiles) character file.

1406 Maize the Cleaver (level 8, 0/73 HPs)
             Began as a Minotaur Fighter on Dec 13, 2018.
             Was a Follower of Okawaru.
             Slain by a wight
             ... wielding a +4 short sword
              (7 damage)
             ... on level 7 of the Dungeon.
             The game lasted 00:06:58 (4241 turns).

Maize the Cleaver (Minotaur Fighter)                Turns: 4241, Time: 00:06:59

Health: 0/73       AC: 12    Str: 29    XL:     8   Next: 42%
Magic:  9/9        EV:  5    Int:  5    God:    Okawaru [*.....]
Gold:   238        SH: 10    Dex:  9    Spells: 7/7 levels left

rFire    + . .     SeeInvis .   a - +0 war axe
rCold    + . .     Gourm    .   c - +0 shield
rNeg     . . .     Faith    .   u - +0 plate armour
rPois    +         Spirit   .   y - +0 hat
rElec    .         Reflect  .   w - scarf {rC+ rF+}
rCorr    +         Harm     .   (no gloves)
MR       .....                  (no boots)
Stlth    ..........             v - amulet of magic regeneration
HPRegen  0.22/turn              F - ring of poison resistance
MPRegen  0.36/turn              l - ring of resist corrosion

@: mighty, drained
A: retaliatory headbutt, horns 2
a: Heroism, Renounce Religion


You were on level 7 of the Dungeon.
You worshipped Okawaru.
Okawaru was aware of your devotion.
You were not hungry.

You visited 2 branches of the dungeon, and saw 8 of its levels.

You collected 238 gold pieces.

Inventory:

Hand Weapons
 a - a +0 war axe (weapon)
Armour
 c - a +0 shield (worn)
 u - a +0 plate armour (worn)
 w - a scarf of resistance (worn)
 y - a +0 hat (worn)
Jewellery
 l - a ring of resist corrosion (right hand)
 v - an amulet of magic regeneration (around neck)
 F - a ring of poison resistance (left hand)
Wands
 C - a wand of acid (7)
Scrolls
 b - 2 scrolls of blinking {unknown}
 g - a scroll of immolation {unknown}
 h - 2 scrolls of enchant armour {unknown}
 j - 3 scrolls of enchant weapon {unknown}
 m - 5 scrolls of remove curse
 p - 4 scrolls of teleportation
 t - a scroll of random uselessness {unknown}
 B - 2 scrolls of amnesia {unknown}
 D - 4 scrolls of identify {unknown}
 E - a scroll of noise {unknown}
Potions
 e - 3 potions of lignification {unknown}
 i - a potion of brilliance {unknown}
 k - 3 potions of agility {unknown}
 n - a potion of magic {unknown}
 q - a potion of curing {unknown}
 r - a potion of resistance {unknown}
 s - a potion of haste {unknown}
 z - 2 potions of heal wounds {unknown}
Comestibles
 f - 4 rations
 o - 4 chunks of flesh


   Skills:
 + Level 7.0(6.4) Fighting
 * Level 8.6(8.0) Axes
 + Level 6.9(6.3) Armour
 - Level 3.8(3.3) Shields
 + Level 2.7(2.2) Invocations


You had 7 spell levels left.
You didn't know any spells.
Your spell library was empty.

Dungeon Overview and Level Annotations

Branches:
Dungeon (7/15)             Temple (1/1) D:4

Altars:
Ashenzari
Fedhas
Gozag
Kikubaaqudgha
Makhleb
Nemelex Xobeh
Okawaru
Ru
Sif Muna
Trog
Uskayaw
Vehumet
Wu Jian
Yredelemnul
The Shining One


Innate Abilities, Weirdness & Mutations

You reflexively headbutt those who attack you in melee.
You have a pair of horns on your head.


Message History

You closely miss the wight.
The wight is moderately damaged.
You feel like a meek peon again. The wight hits you but does no damage.
The wight hits you with a +4 short sword.
* * * LOW HITPOINT WARNING * * *
There is a stone staircase leading down here.
The wight hits you but does no damage.
You climb downwards.
A crocodile and a zombie come into view.
Found a ration.
Found a stone staircase leading down.
There is a stone staircase leading up here.
Unknown command.
Okay, then.
You feel very mighty all of a sudden. You block the wight's attack.
You barely miss the wight.
The wight is moderately damaged.
The wight hits you with a +4 short sword!
You die...

#.# #.#
#.# #..
#.# #.#
#z# #@#
#.# #..
#>..
#....
#.....
#....t.
#.....%.


You could see a crocodile and a wight.

Vanquished Creatures
  Prince Ribbit (D:6)
  An ice beast (D:5)
  A phantom (D:4)
  A sky beast (D:5)
  An ogre (D:4)
  A bullfrog (D:6)
  6 scorpions
  2 wights (D:6)
  2 orc priests
  2 orc wizards (D:4)
  2 hounds (D:6)
  A worker ant (D:6)
  A killer bee zombie (D:5)
  3 gnolls (D:3)
  7 adders
  5 worms
  5 leopard geckos
  10 orcs
  2 ball pythons
  11 bats
  4 giant cockroaches
  3 hobgoblins
  3 jackals (D:1)
  5 kobolds
  A quokka (D:2)
  7 frilled lizards
  6 goblins
  A leopard gecko skeleton (D:4)
  2 leopard gecko zombies (D:5)
  6 rats
103 creatures vanquished.

Notes
Turn   | Place    | Note
-------+----------+-------------------------------------------
     0 | D:1      | Maize the Minotaur Fighter began the quest for the Orb.
     0 | D:1      | Reached XP level 1. HP: 19/19 MP: 0/0
    96 | D:1      | Reached XP level 2. HP: 25/27 MP: 1/1
   622 | D:2      | Reached skill level 3 in Axes
   638 | D:2      | Reached XP level 3. HP: 26/33 MP: 2/2
   757 | D:2      | Found an opulent altar of Gozag.
   776 | D:2      | Reached XP level 4. HP: 25/41 MP: 3/3
  1188 | D:3      | Reached skill level 4 in Axes
  1232 | D:3      | Found a radiant altar of Vehumet.
  1778 | D:3      | Reached XP level 5. HP: 45/47 MP: 4/4
  1868 | D:4      | Noticed a phantom
  1918 | D:4      | Killed a phantom
  1918 | D:4      | Reached skill level 5 in Fighting
  1918 | D:4      | Reached skill level 5 in Axes
  1918 | D:4      | Reached skill level 5 in Armour
  1954 | D:4      | Reached XP level 6. HP: 48/56 MP: 5/5
  2103 | D:4      | Reached skill level 6 in Axes
  2491 | D:4      | Found a sacrificial altar of Ru.
  2762 | D:4      | Reached XP level 7. HP: 45/62 MP: 6/6
  2902 | D:4      | Found a staircase to the Ecumenical Temple.
  2908 | Temple   | Entered the Ecumenical Temple
  2972 | Temple   | Became a worshipper of Warmaster Okawaru
  3115 | D:5      | Entered Level 5 of the Dungeon
  3115 | D:5      | Found an ancient bone altar of Kikubaaqudgha.
  3272 | D:5      | Reached skill level 7 in Axes
  3565 | D:5      | Reached skill level 1 in Invocations
  3969 | D:6      | Noticed Prince Ribbit
  3971 | D:6      | Reached * piety under Okawaru
  4021 | D:6      | Reached XP level 8. HP: 65/71 MP: 8/8
  4203 | D:6      | Killed Prince Ribbit
  4203 | D:6      | Reached skill level 8 in Axes
  4241 | D:7      | Slain by a wight

Vault maps used:
D:1:      saegor_arrival_under_anarchy, st_stairs_10
D:2:      nicolae_gozag_seed_capital, first_ration, kennysheep_flooded_box
D:3:      fiery_altar_vehumet
D:4:      minmay_temple_entry_fiery, nicolae_ru_path_of_blood
D:5:      overflow_temple_1_default
D:6:      kennysheep_mini, sigmund_edmund_badplayer, uniq_prince_ribbit1
D:7:      grunt_dithmenos_smoke_and_mirrors, elyvilon_altar_1, grunt_ogre_cave,
          fountainhead, uniq_crazy_yiuf_cottage
Temple:   jpeg_temple_clearing

Skill      XL: |  1  2  3  4  5  6  7  8 |
---------------+-------------------------+-----
Fighting       | 4 5 6 7 |  7.0
Axes           | 3 4 5 6 7 8 |  8.6
Armour         | 4 5 6 |  6.9
Invocations    | 1 2 |  2.7
Shields        | |  3.8

Action                   |  1- 3 |  4- 6 |  7- 9 || total
-------------------------+-------+-------+-------++-------
Melee: War axe           |    86 |   127 |   106 ||   319
       Headbutt          |    13 |    25 |    19 ||    57
Invok: Heroism           |       |       |     2 ||     2
  Use: Scroll            |       |       |     2 ||     2
       Potion            |       |       |     1 ||     1
  Eat: Chunk             |       |     6 |     5 ||    11
Armor: Scale mail        |    63 |       |       ||    63
       Plate armour      |       |    80 |    67 ||   147
Dodge: Dodged            |    34 |    17 |    17 ||    68
Block: Shield            |    52 |    51 |    45 ||   148

Table legend:
 A = Non-vault XP
 B = Vault XP
 C = Vault XP percentage of total XP
 D = Non-vault monster count
 E = Vault monster count
 F = Vault count percentage of total count
                 A         B        C        D         E       F
            +---------+---------+-------+---------+---------+-------
      Total |    1710 |     299 |  14.9 |      98 |       5 |   4.9
            +---------+---------+-------+---------+---------+-------
        D:1 |      16 |       8 |  33.3 |      10 |       4 |  28.6
        D:2 |      79 |       0 |   0.0 |      24 |       0 |   0.0
        D:3 |      99 |       0 |   0.0 |      21 |       0 |   0.0
        D:4 |     587 |       0 |   0.0 |      15 |       0 |   0.0
        D:5 |     420 |       0 |   0.0 |      13 |       0 |   0.0
        D:6 |     509 |     291 |  36.4 |      15 |       1 |   6.2
            +---------+---------+-------+---------+---------+-------
